 Dungeon Crawl Stone Soup version 0.27.0-1-g7a089689b8 (webtiles) character file.

Game seed: 8477092843191514913

3306 sanka the Fighter (level 9, -9/88 HPs)
             Began as a Deep Dwarf Fire Elementalist on Aug 13, 2021.
             Was a Follower of Makhleb.
             Mangled by an ogre (19 damage)
             ... on level 6 of the Dungeon.
             The game lasted 00:25:20 (10577 turns).

sanka the Fighter (Deep Dwarf Fire Elementalist)   Turns: 10577, Time: 00:25:21

Health: -9/88      AC: 14    Str: 20    XL:     9   Next: 70%
Magic:  3/3        EV:  7    Int: 17    God:    Makhleb [*.....]
Gold:   376        SH:  0    Dex: 19    Spells: 11/12 levels left

rFire    . . .     SeeInvis .   a - +2 dagger (elec)
rCold    . . .     Faith    .   (no shield)
rNeg     . . .     Spirit   .   A - +0 plate armour
rPois    .         Reflect  .   (no helmet)
rElec    .         Harm     .   (no cloak)
rCorr    .         Rampage  .   y - +0 pair of gloves
Will     +....                  (no boots)
Stlth    ..........             (no amulet)
HPRegen  0.00/turn              t - +6 ring of strength
MPRegen  0.08/turn              q - +6 ring of dexterity

@: no status effects
A: damage resistance, heal wounds, sense surroundings 2, no regeneration
a: Heal Wounds, Renounce Religion


You were on level 6 of the Dungeon.
You worshipped Makhleb.
Makhleb was aware of your devotion.
You visited 2 branches of the dungeon, and saw 9 of its levels.

You collected 376 gold pieces.


Innate Abilities, Weirdness & Mutations

You are resistant to damage.
You can heal yourself by infusing magical energy.
You passively map the area around you.
You do not regenerate.


   Skills:
 + Level 8.2 Fighting
 + Level 5.2 Axes
 + Level 7.7 Armour
 - Level 2.1 Dodging
 - Level 2.4 Stealth
 - Level 2.0 Spellcasting
 - Level 4.0 Conjurations
 - Level 4.0 Fire Magic


You had 11 spell levels left.
You knew the following spells:

 Your Spells              Type           Power      Damage    Failure   Level
y - Foxfire               Conj/Fire      60%        2x1d7     58%         1

Your spell library contained the following spells:

 Spells                   Type           Power      Damage    Failure   Level
 Conjure Flame            Conj/Fire      15%        6-21      92%         3
 Inner Flame              Hex/Fire       8%         N/A       99%         3
 Ignite Poison            Fire/Tmut/Pois 6%         N/A       100%        3
 Mephitic Cloud           Conj/Pois/Air  6%         N/A       100%        3
 Passage of Golubria      Tloc           N/A        N/A       100%        4
 Sticky Flame             Conj/Fire      15%        2d4       100%        4
 Bolt of Magma            Conj/Fire/Erth 5%         4d5       100%        5
 Fireball                 Conj/Fire      7%         3d5       100%        5
 Silence                  Hex/Air        0%         N/A       100%        5
 Lehudib's Crystal Spear  Conj/Erth      4%         10d3      100%        8

Inventory:

Hand Weapons
 a - a +2 dagger of electrocution (weapon)
 b - a +1 dagger of draining
 i - a +0 dagger of distortion
 D - a +0 war axe
Missiles
 k - 6 poisoned darts
 x - a throwing net {=f}
 B - 3 curare-tipped darts {=f}
Armour
 y - a +0 pair of gloves (worn)
 A - a +0 plate armour (worn)
 E - a +1 chain mail of willpower
Jewellery
 q - a +6 ring of dexterity (right hand)
 t - a +6 ring of strength (left hand)
Wands
 C - a wand of mindburst (8)
 F - a wand of flame (9)
Scrolls
 c - 2 scrolls of noise {unknown}
 m - 3 scrolls of magic mapping {unknown}
 n - 2 scrolls of fear {unknown}
 o - 4 scrolls of identify {unknown}
 s - 2 scrolls of teleportation {unknown}
 v - 3 scrolls of summoning {unknown}
 w - a scroll of fog {unknown}
 z - 4 scrolls of enchant weapon {unknown}
Potions
 d - 4 potions of curing {unknown}
 e - a potion of experience {unknown}
 f - 4 potions of lignification {unknown}
 g - a potion of heal wounds {unknown}
 h - 5 potions of haste {unknown}
 j - 5 potions of degeneration {unknown}
 l - a potion of flight {unknown}
 p - a potion of brilliance {unknown}
 r - a potion of ambrosia {unknown}
 u - a potion of attraction {unknown}

Dungeon Overview and Level Annotations

Branches:
Dungeon (8/15)             Temple (1/1) D:5
   Lair: D:8-11

Altars:
Ashenzari
Cheibriados
Dithmenos
Elyvilon
Fedhas
Gozag
Hepliaklqana
Kikubaaqudgha
Makhleb
Nemelex Xobeh
Okawaru
Qazlal
Sif Muna
Trog
Uskayaw
Vehumet
Wu Jian
Xom
Yredelemnul
Zin
The Shining One

Shops:
D:6

( ......▒..▒ ▒▒▒▒▒....▒▒▒▒▒▒▒
....▒.▒..▒ ▒........▒▒▒▒▒▒▒
..▒▒▒▒▒<.▒▒▒▒▒▒▒ ▒........▒▒...).
......▒........▒▒▒........▒▒)▒▒▒▒
▒.▒▒▒.▒...................▒▒.▒ ▒.
▒.▒ ▒.▒▒▒▒▒▒......▒▒▒▒.▒▒▒▒▒.▒▒▒.
▒.▒▒▒^▒ ▒.▒▒▒.g....)..........
▒.....▒ ▒.▒ ▒.O▒▒▒▒....▒▒.....
▒▒▒▒▒▒▒ ▒.▒▒▒g..KgcK...▒▒▒▒▒▒▒
▒(....▒▒▒▒▒.....▒▒▒..▒
▒▒▒▒▒.▒▒▒.............
▒▒.................
▒▒..........).P♣.♣..
▒......♣......P.♣...
▒....♣..P♣....♣♣♣♣..
▒▒......PP▒g''▒▒ ▒▒▒
▒...♣.♣♣♣P▒...▒


.go You could see an ogre, a gnoll sergeant, a centaur, a gnoll and 2 kobolds.


Message History

The gnoll sergeant hits you but does no damage.
The ogre hits you with a +0 giant club!
* * * LOW HITPOINT WARNING * * *
The kobold shoots a bolt.
The bolt hits you!
* * * LOW HITPOINT WARNING * * *
The bolt burns you.
* * * LOW HITPOINT WARNING * * *
You hit the ogre.
The ogre is lightly wounded.
The gnoll sergeant barely misses you.
The kobold shoots a bolt.
The bolt hits you but does no damage.
You hit the ogre. Lightning courses through the ogre!
The ogre is severely wounded.
The gnoll sergeant hits you but does no damage.
The ogre hits you but does no damage.
Unknown command.
Unknown command.
The gnoll sergeant hits you but does no damage.
The ogre hits you with a +0 giant club.
The kobold shoots a bolt.
The bolt hits you!
* * * LOW HITPOINT WARNING * * *
The bolt burns you.
* * * LOW HITPOINT WARNING * * *
The gnoll sergeant hits you but does no damage.
The ogre hits you with a +0 giant club!!
You die...

Action                   |  1- 3 |  4- 6 |  7- 9 || total
-------------------------+-------+-------+-------++-------
Melee: Dagger            |    14 |    83 |   305 ||   402
 Cast: Foxfire           |    71 |   129 |    98 ||   298
 Abil: Heal Wounds       |     1 |     4 |    20 ||    25
Evoke: Wand              |       |       |     2 ||     2
Armor: Robe              |    21 |    24 |    22 ||    67
       Chain mail        |       |       |    70 ||    70
       Plate armour      |       |       |    53 ||    53
Dodge: Dodged            |    60 |   105 |   134 ||   299

Levels and vault maps discovered:
D:1:      minmay_arrival_stone_box, layout_loops_corners,
          shapermc_ecumenical_altar_notcrosses, amcnicky_mini_pool_small
D:2:      minmay_wonky_spiral, layout_rooms
D:3:      layout_basic
D:4:      layout_cave_pods, minmay_misc_feat_four_crosses, serial_bayou_lake_a
D:5:      layout_loops_ring, minmay_temple_entry_ruins, chequers_arboretum
D:6:      kennysheep_housing_project, layout_basic, minmay_holes,
          minmay_shop_grid_forest, grunt_ministairs_5, corexii_leaking_fountain,
          palyth_stone_intersect
D:7:      kennysheep_six_static_rooms, layout_loops_corners
D:8:      layout_cave_pools, nicolae_ru_path_of_blood, minmay_door_square
Temple:   roderic_octagonal_lattice_temple

Notes
Turn   | Place    | Note
-------+----------+-------------------------------------------
     0 | D:1      | sanka the Deep Dwarf Fire Elementalist began the quest for
                  | the Orb.
     0 | D:1      | Reached XP level 1. HP: 15/15 MP: 3/3
   140 | D:1      | Reached skill level 2 in Spellcasting
   142 | D:1      | Reached skill level 1 in Conjurations
   396 | D:1      | Reached XP level 2. HP: 13/22 MP: 0/5
   444 | D:1      | Found a faded altar of an unknown god.
   665 | D:1      | Reached skill level 2 in Conjurations
  1465 | D:2      | Reached XP level 3. HP: 10/28 MP: 2/6
  1721 | D:2      | Reached skill level 3 in Fire Magic
  1724 | D:2      | Reached skill level 3 in Conjurations
  1932 | D:2      | Reached XP level 4. HP: 36/36 MP: 3/6
  3589 | D:3      | Reached XP level 5. HP: 36/42 MP: 2/7
  4371 | D:4      | Reached skill level 4 in Conjurations
  4371 | D:4      | Reached skill level 4 in Fire Magic
  4444 | D:4      | Noticed a necrophage
  4451 | D:4      | Killed a necrophage
  4452 | D:4      | Reached skill level 2 in Fighting
  4452 | D:4      | Reached XP level 6. HP: 31/52 MP: 0/8
  4871 | D:4      | Reached skill level 3 in Fighting
  5278 | D:4      | HP: 1/57 [gnoll (5)]
  5295 | D:4      | Reached skill level 4 in Fighting
  5742 | D:5      | Entered Level 5 of the Dungeon
  5766 | D:5      | Reached XP level 7. HP: 19/66 MP: 2/8
  5896 | D:5      | Found a staircase to the Ecumenical Temple.
  6117 | D:5      | Reached skill level 5 in Fighting
  6216 | D:5      | Reached skill level 1 in Armour
  6221 | Temple   | Entered the Ecumenical Temple
  6566 | Temple   | Became a worshipper of Makhleb the Destroyer
  6792 | D:5      | Reached skill level 2 in Armour
  7045 | D:5      | Reached skill level 6 in Fighting
  7045 | D:5      | Reached skill level 3 in Armour
  7045 | D:5      | Reached XP level 8. HP: 66/76 MP: 2/6
  7303 | D:5      | Reached skill level 4 in Armour
  7832 | D:6      | Reached skill level 5 in Armour
  8065 | D:7      | Reached skill level 1 in Axes
  8264 | D:7      | Reached skill level 7 in Fighting
  8325 | D:7      | Reached * piety under Makhleb
  8419 | D:7      | Reached skill level 2 in Axes
  8634 | D:7      | Reached skill level 6 in Armour
  8772 | D:7      | Gained mutation: You passively map the area around you.
                  | [Deep Dwarf growth]
  8772 | D:7      | Reached XP level 9. HP: 50/86 MP: 4/6
  9018 | D:7      | Reached skill level 3 in Axes
  9481 | D:6      | Found Cohuot's Weapon Emporium.
  9703 | D:6      | Reached skill level 4 in Axes
  9703 | D:6      | Reached skill level 7 in Armour
 10056 | D:6      | Identified the +2 scale mail of Indemnity {Regen+ MP+9
                  | Dex+4}
 10304 | D:6      | Reached skill level 8 in Fighting
 10498 | D:6      | Reached skill level 5 in Axes
 10577 | D:6      | Mangled by an ogre

Vanquished Creatures
  A shadow (D:7)
  A wyvern (D:7)
  4 yaks (D:6)
  A black bear (D:4)
  2 orc warriors
  2 sky beasts (D:6)
  2 necrophages
  A centaur (D:7)
  2 ogres (D:6)
  2 phantoms (D:5)
  A bullfrog (D:7)
  A gnoll sergeant (D:5)
  4 scorpions
  A wyvern zombie (D:8)
  A wyvern skeleton (D:7)
  A wight (D:7)
  A bullfrog zombie (D:5)
  2 orc priests
  7 hounds
  A jelly (D:6)
  2 bullfrog skeletons
  3 gnoll shamans
  2 iguanas
  2 orc wizards
  15 gnolls
  8 adders
  A shadow imp (D:7)
  2 ufetubi
  3 adder skeletons
  A worm (D:2)
  3 dart slugs
  11 orcs
  6 endoplasms
  4 giant cockroaches
  5 goblins
  7 hobgoblins
  7 jackals
  2 quokkas (D:2)
  8 ball pythons
  9 bats
  A frilled lizard (D:1)
  13 kobolds
  5 rats
158 creatures vanquished.

Vanquished Creatures (collateral kills)
  3 foxfires (D:4)
3 creatures vanquished.

Vanquished Creatures (others)
  466 foxfires
  30 plants
496 creatures vanquished.

Grand Total: 657 creatures vanquished
